 Dungeon Crawl Stone Soup version 0.31-a0-354-g827e0957a7 (webtiles) character file.

Game seed: 7180230018850509318

247 Bnni the Changeling (level 6, -1/41 HPs)
             Began as an Octopode Shapeshifter on July 24, 2023.
             Was an Initiate of Gozag.
             Slain by a gnoll
             ... wielding a +0 spear
              (3 damage)
             ... on level 4 of the Dungeon.
             The game lasted 00:03:53 (2498 turns).

Bnni the Changeling (Octopode Shapeshifter)         Turns: 2498, Time: 00:03:55

Health: -1/41      AC:  1    Str: 14    XL:     6   Next: 11%
Magic:  6/6        EV: 18    Int: 11    God:    Gozag
Gold:   104        SH:  0    Dex: 14    Spells: 5/5 levels left

rFire   . . .        j - +0 dagger (venom)
rCold   + . .        (no shield)
rNeg    . . .        (helmet currently unavailable)
rPois   .            (no amulet)
rElec   .            i - ring of protection from cold
rCorr   .            e - +5 ring of evasion
SInv    .            (no ring)
Will    +....        (no ring)
Stlth   ++           (no ring)
HPRegen 0.26/turn    (no ring)
MPRegen 0.10/turn    (no ring)
                     (no ring)

%: no passive effects
@: beast-form, enlightened, flying
A: beast (slay +3), almost no armour, amphibious, 8 rings, camouflage 1,
gelatinous body 1, (nimble swimmer 1), tentacles
a: Begin Untransformation, Renounce Religion, Potion Petition, Call Merchant,
Bribe Branch


You were on level 4 of the Dungeon.
You worshipped Gozag.
Gozag was aware of your devotion.
You were a hulking beast.
You visited 2 branches of the dungeon, and saw 5 of its levels.

You collected 135 gold pieces.
You paid 31 gold pieces to Gozag.

Inventory:

Hand Weapons
 j - a +0 dagger of venom (weapon)
Jewellery
 e - a +5 ring of evasion (right tentacle)
 i - a ring of protection from cold (left tentacle)
Talismans
 b - a beast talisman
Scrolls
 f - a scroll of torment {unknown}
 h - a scroll of blinking {unknown}
 k - a scroll of fear {unknown}
 m - a scroll of fog {unknown}
 n - 2 scrolls of acquirement {unknown}
 p - a scroll of vulnerability {unknown}
 q - a scroll of identify {unknown}
 r - a scroll of poison {unknown}
Potions
 a - a potion of lignification
 c - 2 potions of enlightenment
 d - 2 potions of cancellation {unknown}
 g - 7 potions of curing
 l - a potion of brilliance {unknown}
 o - a potion of haste {unknown}


   Skills:
 + Level 2.9 Fighting
 - Level 2.0 Dodging
 + Level 4.2 Unarmed Combat
 * Level 4.6 Shapeshifting


You had 5 spell levels left.
You didn't know any spells.
Your spell library contained the following spells:

 Spells                   Type           Power      Damage    Failure   Level
 Sting                    Tmut/Pois      0%         1d3       34%         1
 Poisonous Vapours        Pois/Air       0%         N/A       47%         2
 Wereblood                Tmut           0%         N/A       47%         2
 Olgreb's Toxic Radiance  Pois           0%         N/A       98%         4
 Irradiate                Conj/Tmut      0%         3d11      100%        5


Dungeon Overview and Level Annotations

Branches:
Dungeon (4/15)             Temple (1/1) D:4

Altars:
Ashenzari
Cheibriados
Dithmenos
Elyvilon
Fedhas
Gozag
Hepliaklqana
Nemelex Xobeh
Okawaru
Qazlal
Ru
Sif Muna
Trog
Uskayaw
Vehumet
Wu Jian
Yredelemnul
The Shining One

Shops:
D:4 :


Innate Abilities, Weirdness & Mutations

You are a hulking beast.
Your limbs bulge with bestial killing power. (Slay +3)
You cannot wear most types of armour.
You are amphibious.
You can wear up to eight rings at the same time.
Your skin changes colour to match your surroundings (Stealth+).
Your rubbery body absorbs attacks. (AC +1, EV +1)
((You are camouflaged when in or above water. (Stealth+)))
You have tentacles for arms and can constrict up to eight enemies at once.


Message History

The gnoll shouts!
You grab the gnoll. You constrict the gnoll.
The gnoll is no longer distracted by gold. x2
The gnoll hits you with a +0 flail. The gnoll completely misses you.
You release your grip on the gnoll.
The gnoll throws a throwing net.
The throwing net closely misses you. The gnoll attacks as you move away!
The gnoll hits you with a +0 flail!
You hit the gnoll. You grab the gnoll. You squeeze the gnoll.
The gnoll is moderately wounded.
You constrict the gnoll.
The gnoll struggles to escape constriction.
The gnoll hits you from afar with a +0 spear.
* * * LOW HITPOINT WARNING * * *
The gnoll throws a throwing net.
The throwing net hits you.
You become entangled in the net!
You tear a large gash into the net.
You constrict the gnoll. The gnoll hits you with a +0 flail.
* * * LOW HITPOINT WARNING * * *
The gnoll is distracted by your dazzling golden aura.
The gnoll closely misses you.
Unknown command.
You shred the net and break free!
You constrict the gnoll, but do no damage.
The gnoll struggles to escape constriction.
The gnoll hits you from afar with a +0 spear.
* * * LOW HITPOINT WARNING * * *
Unknown command.
Okay, then.
Okay, then.
You release your grip on the gnoll.
It was a potion of curing.
You feel better.
The gnoll is no longer distracted by gold.
The gnoll barely misses you. The gnoll misses you.
It was a potion of enlightenment.
You feel very buoyant.
You fly up into the air.
The gnoll hits you with a +0 flail.
* * * LOW HITPOINT WARNING * * *
The gnoll hits you from afar with a +0 spear.
You die...
Your body crumbles into a pile of gold.

.#...#.##......+##.#....#.
.....#...#.##....#.#....##
.......#...#...#.#.....
#.$......#...#.##.###
#...........##.#
#..$g..([##....####
#...$g...##.#.....##
#....g...##.##.##..###
#....h$..##.##.###...#
...........##.##.# #....
.........(.##.##.# #....
........######....# #....
........# ########....
.####.. ...... #.. .....##
#.. ......# ......


You could see 3 gnolls.

Vanquished Creatures
  An iguana (D:4)
  Natasha (thrice) (D:2)
  Robin (D:2)
  A gnoll (D:4)
  3 adders (D:2)
  3 worms
  2 dart slugs
  7 orcs
  11 ball pythons
  7 endoplasms
  4 giant cockroaches (D:1)
  4 hobgoblins
  13 jackals
  A bat (D:1)
  2 frilled lizards (D:1)
  12 goblins
  A kobold (D:3)
  3 rats
79 creatures vanquished.

Notes
Turn   | Place    | Note
-------+----------+-------------------------------------------
     0 | D:1      | Bnni the Octopode Shapeshifter began the quest for the Orb.
     0 | D:1      | Reached XP level 1. HP: 13/13 MP: 1/1
   214 | D:1      | Reached XP level 2. HP: 15/18 MP: 2/2
   682 | D:2      | Noticed Robin
   696 | D:2      | Reached XP level 3. HP: 22/23 MP: 3/3
   756 | D:2      | Killed Robin
   958 | D:2      | Reached XP level 4. HP: 29/29 MP: 4/4
   993 | D:2      | Found a basalt altar of Yredelemnul.
  1026 | D:2      | Noticed Natasha
  1034 | D:2      | Killed Natasha
  1232 | D:2      | Noticed Natasha
  1238 | D:2      | Killed Natasha
  1239 | D:2      | Reached XP level 5. HP: 18/35 MP: 5/5
  1365 | D:2      | Noticed Natasha
  1375 | D:2      | Killed Natasha
  1619 | D:3      | Found a blossoming altar of Fedhas.
  1839 | D:3      | Found a faded altar of an unknown god.
  1839 | D:3      | Noticed a Brimstone Fiend
  2275 | D:4      | Found a staircase to the Ecumenical Temple.
  2280 | Temple   | Entered the Ecumenical Temple
  2290 | Temple   | Became a worshipper of Gozag Ym Sagoz the Greedy
  2324 | D:4      | Found a snail-covered altar of Cheibriados.
  2332 | D:4      | Reached XP level 6. HP: 32/41 MP: 6/6
  2385 | D:4      | Found Hitaesto's Book Boutique.
  2441 | D:4      | Found a stormy altar of Qazlal.
  2498 | D:4      | HP: 2/41 [gnoll/+0 flail (6)]
  2498 | D:4      | Slain by a gnoll

Illustrated notes

Levels and vault maps discovered:
D:1:      noname_arrival_rooms_in_the_neighbourhood, layout_basic
D:2:      layout_basic, basic_altar, uniq_robin, uniq_natasha
D:3:      layout_basic, mainiacjoe_overflow_cross_hatched,
          dreamdust_ecumenical_altar_sealed_demon, minivault_26,
          minmay_fountain_box, nicolae_figureground_pulse
D:4:      layout_basic, slow_altar_2, kennysheep_little_box,
          minmay_temple_entry_glassed_door, serial_shops,
          nicolae_book_shop_shelving, hangedman_decor_points,
          hangedman_decor_growths
Temple:   nicolae_temple_two_arcs

Skill      XL: |  1  2  3  4  5 |
---------------+----------------+-----
Fighting       | 2 |  2.9
Shapeshifting  | 4 |  4.6
Unarmed Combat | 4 |  4.2
Dodging        | |  2.0

Action                     |  1- 3 |  4- 6 || total
---------------------------+-------+-------++-------
  Melee: Unarmed           |    63 |       ||    63
         Constrict         |    12 |    28 ||    40
         Tentacles         |     3 |    19 ||    22
         Punch             |     2 |     5 ||     7
         Dagger            |     4 |    90 ||    94
    Use: Potion            |       |     2 ||     2
   Stab: Sleeping          |     3 |     9 ||    12
 Armour: Skin              |     5 |     3 ||     8
  Dodge: Dodged            |    47 |    61 ||   108

Table legend: (Time is in decaauts)
 A = Elapsed time spent in this place.
 B = Non-inter-level travel time spent in this place.
 C = Inter-level travel time spent in this place.
 D = Time resting spent in this place.
 E = Time spent auto-exploring this place.
 F = Levels seen in this place.
 G = Mean time per level.
                   A        B        C        D        E       F      G
               +--------+--------+--------+--------+--------+-----+--------+
         Total |   2501 |   2443 |     58 |    108 |   1899 |   5 |  500.2 |
       Dungeon |   2481 |   2432 |     49 |    108 |   1899 |   4 |  620.2 |
        Temple |     20 |     11 |      9 |      0 |      0 |   1 |   20.0 |
               +--------+--------+--------+--------+--------+-----+--------+

Top non-repeatable levels by time:
     D:2: 842 daAuts
     D:3: 757 daAuts
     D:1: 604 daAuts
     D:4: 276 daAuts
  Temple: 20 daAuts
